 Dungeon Crawl Stone Soup version 0.19-a0-1932-g59670f6 (webtiles) character file.

389 tsouns the Slasher (level 7, -5/48 HPs)
             Began as a Halfling Monk on Oct 25, 2016.
             Killed by divine providence
             ... invoked by an orc priest
              (18 damage)
             ... on level 4 of the Dungeon.
             The game lasted 00:11:51 (4348 turns).

tsouns the Slasher (Halfling Monk)                  Turns: 4348, Time: 00:11:52

Health: -5/48      AC: 10    Str: 14    XL:     7   Next: 7%
Magic:  7/7        EV:  7    Int:  8    God:
Gold:   90         SH:  0    Dex: 17    Spells: 2 memorised, 1 level left

rFire  . . .     SeeInvis .     r - +1 falchion (protect)
rCold  . . .     Gourm    .     l - +0 plate armour
rNeg   . . .     Faith    .     (shield restricted)
rPois  .         Spirit   .     (no helmet)
rElec  .         Reflect  .     (no cloak)
rCorr  .         Harm     +     (no gloves)
MR     .....                    (no boots)
Stlth  ..........               o - amulet of harm
                                (no ring)
                                (no ring)

@: about to teleport
A: blink, deterioration 1, mutation resistance 1
a: Blink


You were on level 4 of the Dungeon.
You were not hungry.

You visited 1 branch of the dungeon, and saw 4 of its levels.

You collected 90 gold pieces.

Inventory:

Hand Weapons
 a - a +0 falchion
 j - a -1 long sword
 r - a +1 falchion of protection (weapon)
Missiles
 m - 47 stones (quivered)
Armour
 b - a +0 robe
 l - a +0 plate armour (worn)
Jewellery
 o - an amulet of harm (around neck)
Scrolls
 h - 2 scrolls of identify
Potions
 d - 2 potions of heal wounds
 e - 2 potions of brilliance
 g - a potion of curing
Books
 i - a book of Misfortune

   Spells                             Type                      Level
   a - Confusing Touch                Hexes                        1
   b - Confuse                        Hexes                        3
   c - Gell's Gravitas                Hexes/Translocation          3
   d - Petrify                        Transmutation/Earth          4
   e - Metabolic Englaciation         Hexes/Ice                    5
   f - Yara's Violent Unravelling     Hexes/Transmutation          5
 q - a book of Minor Magic

   Spells                             Type                      Level
   a - Magic Dart                     Conjuration                  1
   b - Blink                          Translocation                2
   c - Call Imp                       Summoning                    2
   d - Repel Missiles                 Charms/Air                   2
   e - Slow                           Hexes                        2
   f - Conjure Flame                  Conjuration/Fire             3
   g - Mephitic Cloud                 Conjuration/Poison/Air       3
Comestibles
 c - a bread ration
 f - 3 chunks of flesh
 k - a meat ration


   Skills:
 + Level 4.1 Fighting
 * Level 5.7 Long Blades
 + Level 1.8 Armour
 - Level 4.1 Dodging
 - Level 2.1 Stealth


You had one spell level left.
You knew the following spells:

 Your Spells              Type           Power        Failure   Level  Hunger
a - Confuse               Hex            #.......     100%        3    ####...
b - Repel Missiles        Chrm/Air       #.....       100%        2    ###....


Dungeon Overview and Level Annotations

Branches:
Dungeon (4/15)
 Temple: D:4-7

Altars:
Vehumet


Innate Abilities, Weirdness & Mutations

You are small and have problems with some larger weapons.
You are somewhat resistant to further mutation.
You can translocate small distances at will.
Your body sometimes deteriorates upon taking damage.


Message History

You hear a shout! x3
The orc priest hits you but does no damage.
You closely miss the orc priest.
The orc priest is lightly wounded.
The orc priest hits you but does no damage.
Your plate armour prevents you from hitting the orc priest.
The orc priest is lightly wounded.
The orc priest mumbles some strange prayers to Beogh against you.
Beogh smites you!
A gnoll comes into view. It is wielding a club.
As you read the scroll of teleportation, it crumbles to dust.
You feel strangely unstable. The orc priest barely misses you.
The orc wizard hits you but does no damage.
The orc priest invokes the aid of Beogh against you.
Beogh smites you!
* * * LOW HITPOINT WARNING * * *
Unknown command.
The orc priest invokes the aid of Beogh against you.
Beogh smites you!
You die...

#..............#
#....
#..............#
#....
#######........#
. #........# .
#........# .
####........###
..............#
.........o....#
....##@.oo......
.... ####g...#.#
#....#.# .....#
# .o...# ....#
..# # . .


You could see 2 orc priests, an orc wizard and a gnoll.

Vanquished Creatures
  The ghost of varam the Sneak, a weakling SpEn (D:3)
  A hound (D:4)
  2 iguanas (D:4)
  A hound skeleton (D:4)
  9 gnolls
  8 adders
  A dart slug (D:1)
  4 worms
  6 leopard geckos
  11 orcs
  4 bats
  6 giant cockroaches
  8 goblins
  6 hobgoblins
  4 jackals
  2 quokkas (D:3)
  3 ball pythons
  3 frilled lizards
  5 kobolds
  6 rats
91 creatures vanquished.

Notes
Turn   | Place    | Note
-------+----------+-------------------------------------------
     0 | D:1      | tsouns the Halfling Monk began the quest for the Orb.
     0 | D:1      | Reached XP level 1. HP: 15/15 MP: 1/1
   198 | D:1      | Reached XP level 2. HP: 20/20 MP: 2/2
   802 | D:1      | Reached XP level 3. HP: 25/25 MP: 3/3
  1645 | D:2      | Reached XP level 4. HP: 14/31 MP: 4/4
  1917 | D:2      | Reached skill level 4 in Long Blades
  2181 | D:2      | Learned a level 3 spell: Confuse
  2513 | D:3      | Found a radiant altar of Vehumet.
  2542 | D:3      | Reached XP level 5. HP: 33/36 MP: 5/5
  3245 | D:3      | Noticed varam's ghost (weakling SpEn)
  3252 | D:3      | Killed varam's ghost
  3399 | D:3      | Reached skill level 1 in Armour
  3399 | D:3      | Reached XP level 6. HP: 23/42 MP: 6/6
  3417 | D:3      | Reached skill level 5 in Long Blades
  3994 | D:4      | Learned a level 2 spell: Repel Missiles
  4115 | D:4      | Gained mutation: You can translocate small distances at will. [potion of mutation]
  4115 | D:4      | Gained mutation: Your body sometimes deteriorates upon taking damage. [potion of mutation]
  4310 | D:4      | Reached XP level 7. HP: 42/48 MP: 7/7
  4348 | D:4      | Killed from afar by an orc priest

Vault maps used:
D:1:      tarquinn_simple_flora_water_c, hangedman_decor_slide_cut
D:2:      kennysheep_potato
D:3:      overflow_temple_1_default, gup_sewer_entry_pipe,
          minmay_misc_feat_four_crosses
D:4:      lemuel_crystal_altar

Skill      XL: |  1  2  3  4  5  6 |
---------------+-------------------+-----
Fighting       | 3 4 |  4.1
Long Blades    | 4 5 |  5.7
Dodging        | 4 |  4.1
Armour         | 1 |  1.8
Stealth        | |  2.1

Action                   |  1- 3 |  4- 6 |  7- 9 || total
-------------------------+-------+-------+-------++-------
Melee: Falchion          |   102 |   309 |     4 ||   415
Throw: Throwing net      |     2 |       |       ||     2
  Use: Scroll            |     2 |     7 |     2 ||    11
       Potion            |       |     6 |       ||     6
 Stab: Sleeping          |     8 |     2 |       ||    10
       Held in net/web   |     2 |       |       ||     2
  Eat: Chunk             |     2 |     8 |       ||    10
       Beef jerky        |       |     1 |       ||     1
Armor: Robe              |     6 |    11 |       ||    17
       Plate armour      |       |   143 |     3 ||   146
Dodge: Dodged            |    76 |   154 |     1 ||   231
       Rpst.: Falchion   |    29 |    49 |       ||    78
